 Dungeon Crawl Stone Soup version 0.23-a0-642-g3120c2f5a9 (webtiles) character file.

4679 HereIgoKillingAgain the Markscentaur (level 10, -11/73 HPs)
             Began as a Centaur Hunter on Dec 31, 2018.
             Was a Priest of Okawaru.
             Mangled by a two-headed ogre
             ... wielding a +0 giant club
              (18 damage)
             ... on level 9 of the Dungeon.
             The game lasted 00:13:40 (8883 turns).

HereIgoKillingAgain the Markscentaur (CeHu)         Turns: 8883, Time: 00:13:42

Health: -11/73     AC:  8    Str: 16    XL:     10   Next: 21%
Magic:  10/10      EV:  7    Int: 10    God:    Okawaru [***...]
Gold:   393        SH:  0    Dex: 12    Spells: 9/9 levels left

rFire    + + .     SeeInvis .   b - +0 short sword
rCold    x . .     Gourm    .   (no shield)
rNeg     . . .     Faith    .   p - +1 fire dragon scales
rPois    .         Spirit   .   (no helmet)
rElec    .         Reflect  .   (no cloak)
rCorr    .         Harm     .   (no gloves)
MR       .....                  (no barding)
Stlth    ..........             (no amulet)
HPRegen  0.22/turn              (no ring)
MPRegen  0.12/turn              (no ring)

@: very quick
A: large, hooves 3, deformed body, speed 2, tough skin 3
a: Heroism, Renounce Religion


You were on level 9 of the Dungeon.
You worshipped Okawaru.
Okawaru was most pleased with you.
You were hungry.

You visited 2 branches of the dungeon, and saw 10 of its levels.
You also visited: Sewer.

You collected 393 gold pieces.

Inventory:

Hand Weapons
 a - a +1 shortbow
 b - a +0 short sword (weapon)
Armour
 p - +1 fire dragon scales (worn)
Jewellery
 m - an uncursed ring of stealth {unknown}
Wands
 s - a wand of random effects (20)
 u - a wand of clouds (2)
Scrolls
 d - 4 scrolls of identify
 g - 3 scrolls of remove curse
 j - a scroll of teleportation
 l - a scroll of magic mapping {unknown}
 q - 3 scrolls of fear
 r - a scroll of fog
Potions
 c - a potion of brilliance
 e - a potion of haste
 h - a potion of cancellation
 i - 2 potions of flight
 k - 4 potions of curing
Comestibles
 f - 6 rations


   Skills:
 - Level 2.0 Fighting
 + Level 18.4 Bows
 - Level 1.3 Dodging
 - Level 0.4 Stealth


You had 9 spell levels left.
You didn't know any spells.
Your spell library contained the following spells:

 Spells                   Type           Power        Failure   Level  Hunger
 Sting                    Conj/Pois      #...         89%         1    ##.....
 Poisonous Vapours        Pois/Air       #.....       96%         2    ###....
 Mephitic Cloud           Conj/Pois/Air  #.......     99%         3    ####...
 Olgreb's Toxic Radiance  Pois           #.......     100%        4    #####..
 Venom Bolt               Conj/Pois      #.........   100%        5    ######.


Dungeon Overview and Level Annotations

Branches:
Dungeon (9/15)             Temple (1/1) D:5
   Lair: D:8-11         Orc: D:9-12

Altars:
Ashenzari
Cheibriados
Dithmenos
Elyvilon
Fedhas
Gozag
Hepliaklqana
Kikubaaqudgha
Makhleb
Nemelex Xobeh
Okawaru
Qazlal
Ru
Sif Muna
Trog
Vehumet
Xom
Yredelemnul
Zin
The Shining One

Shops:
D:5 ?

Annotations:
D:6 4 runed doors
D:8 Erica


Innate Abilities, Weirdness & Mutations

You have hooves in place of feet.
Armour fits poorly on your strangely shaped body.
You cover ground very quickly.
You have extremely tough skin. (AC +3)


Message History

The two-headed ogre barely misses you. x2
You hit the two-headed ogre. You kick the two-headed ogre!
The two-headed ogre is almost dead.
The ogre shouts!
You hit the two-headed ogre but do no damage.
The two-headed ogre is almost dead.
The two-headed ogre is engulfed in noxious fumes.
The two-headed ogre appears confused.
You hit the two-headed ogre.
The two-headed ogre is almost dead.
The two-headed ogre barely misses you.
The two-headed ogre hits you with a +0 giant spiked club!
* * * LOW HITPOINT WARNING * * *
You hit the two-headed ogre but do no damage.
You kick the two-headed ogre, but do no damage.
The two-headed ogre is almost dead.
The two-headed ogre hits you with a +0 giant club!
* * * LOW HITPOINT WARNING * * *
The two-headed ogre hits you with a +0 giant spiked club!!
You die...

......###
........###
.#........#
...O......##
.......°°..#
......°§.○○#
.......°§§☼#
.......<§O.#
........@.##
..........#
..........#
#.........#
#........##
###.......
####.....
..##### ..#


You could see a two-headed ogre (confused) and an ogre.

Vanquished Creatures
  Pikel (D:5)
  A hippogriff (D:8)
  Sigmund (D:2)
  A wyvern (D:8)
  A human (D:7)
  4 hogs (D:7)
  A hungry ghost (D:6)
  4 orc warriors
  An ice beast (D:6)
  A slave (D:5)
  A phantom (D:5)
  A sky beast (D:5)
  A centaur (D:7)
  An ogre (D:6)
  A big kobold (D:8)
  2 bullfrogs
  6 killer bees (D:7)
  8 wights
  A jelly (D:6)
  3 crimson imps
  2 quasits
  5 hounds
  5 orc priests
  A bullfrog skeleton (D:5)
  Terence (D:3)
  8 orc wizards
  9 worker ants
  A hound skeleton (D:7)
  Robin (D:2)
  A howler monkey skeleton (D:8)
  7 gnolls
  9 adders
  A river rat (Sewer)
  2 shadow imps
  2 oozes
  An adder skeleton (D:7)
  3 worms
  6 dart slugs
  4 leopard geckos
  21 orcs
  5 bats
  8 giant cockroaches
  12 goblins
  5 hobgoblins
  9 jackals
  7 kobolds
  3 quokkas
  5 ball pythons
  11 frilled lizards
  A leopard gecko zombie (D:5)
  A quokka zombie (D:4)
  12 rats
210 creatures vanquished.

Vanquished Creatures (others)
  Jessica (D:2)
1 creature vanquished.

Grand Total: 211 creatures vanquished

Notes
Turn   | Place    | Note
-------+----------+-------------------------------------------
     0 | D:1      | HereIgoKillingAgain the Centaur Hunter began the quest for
                  | the Orb.
     0 | D:1      | Reached XP level 1. HP: 17/17 MP: 1/1
    60 | D:1      | Reached XP level 2. HP: 21/24 MP: 2/2
    63 | D:1      | Reached skill level 6 in Bows
   352 | D:1      | You fall through a shaft!
   417 | D:2      | Noticed Jessica
   426 | D:2      | Killed Jessica
   426 | D:2      | Reached skill level 7 in Bows
   426 | D:2      | Reached XP level 3. HP: 17/29 MP: 3/3
   661 | D:2      | Noticed Robin
   719 | D:2      | Killed Robin
   719 | D:2      | Reached XP level 4. HP: 24/36 MP: 4/4
   844 | D:2      | Noticed Sigmund
   912 | D:2      | Killed Sigmund
   912 | D:2      | Reached skill level 9 in Bows
   912 | D:2      | Reached XP level 5. HP: 30/41 MP: 5/5
  1455 | D:2      | Reached XP level 6. HP: 33/48 MP: 6/6
  1813 | D:2      | Found a glowing silver altar of Zin.
  1815 | D:2      | Found a stormy altar of Qazlal.
  1815 | D:2      | Found an iron altar of Okawaru.
  1817 | D:2      | Found a shimmering altar of Xom.
  1817 | D:2      | Found a bloodstained altar of Trog.
  1817 | D:2      | Found a basalt altar of Yredelemnul.
  2161 | D:2      | Reached skill level 10 in Bows
  2443 | D:3      | Noticed Terence
  2451 | D:3      | Killed Terence
  2562 | D:3      | Found a glowing silver altar of Zin.
  2705 | D:3      | Found a glowing drain.
  2734 | Sewer    | Entered a sewer
  3776 | D:4      | Reached XP level 7. HP: 45/55 MP: 7/7
  3907 | D:4      | Reached skill level 11 in Bows
  4296 | D:5      | Entered Level 5 of the Dungeon
  4519 | D:5      | Reached skill level 12 in Bows
  4770 | D:5      | Found a staircase to the Ecumenical Temple.
  4788 | Temple   | Entered the Ecumenical Temple
  4919 | Temple   | Became a worshipper of Warmaster Okawaru
  4963 | D:5      | Found a burning altar of Makhleb.
  4975 | D:5      | Reached XP level 8. HP: 58/61 MP: 8/8
  5013 | D:5      | Noticed Pikel
  5035 | D:5      | Killed Pikel
  5035 | D:5      | Reached skill level 14 in Bows
  5197 | D:5      | Found Tulup's Magic Scroll Emporium.
  6288 | D:6      | Reached * piety under Okawaru
  6288 | D:6      | Reached skill level 15 in Bows
  6298 | D:6      | Reached XP level 9. HP: 55/67 MP: 9/9
  6846 | D:6      | Found a snail-covered altar of Cheibriados.
  6885 | D:6      | Found a large runed door.
  6885 | D:6      | Found a large runed door.
  6911 | D:6      | Reached skill level 16 in Bows
  6967 | D:6      | Noticed a gargoyle
  7018 | D:6      | Found a large runed door.
  7018 | D:6      | Found a large runed door.
  7019 | D:6      | Noticed a two-headed ogre
  7145 | D:7      | Reached ** piety under Okawaru
  7168 | D:7      | Reached skill level 17 in Bows
  7758 | D:7      | Found a stormy altar of Qazlal.
  8518 | D:8      | Reached XP level 10. HP: 73/73 MP: 10/10
  8521 | D:8      | Reached *** piety under Okawaru
  8555 | D:8      | Reached skill level 18 in Bows
  8761 | D:8      | Found a white marble altar of Elyvilon.
  8783 | D:8      | Noticed Erica
  8800 | D:8      | HP: 1/73 [something (3)]
  8811 | D:8      | Noticed a two-headed ogre
  8857 | D:9      | Noticed a two-headed ogre
  8883 | D:9      | Mangled by a two-headed ogre

Vault maps used:
D:1:      dpeg_arrival_pits
D:2:      doesnt_xom_only_xom, uniq_robin, uniq_sigmund, uniq_jessica
D:3:      zin_scriptorium, portal_sewer_entry_c, glass_columns_a, uniq_terence
D:5:      temple_green, first_ration, serial_shops, nicolae_shop_behind_doors,
          makhleb_blood_cavern_becter, uniq_pikel
D:6:      lemuel_crystal_altar, minmay_hollow_rounded_squares
D:7:      nicolae_ossuary_entry_ruins, grunt_livestock,
          nicolae_qazlal_general_emergency
D:8:      lemuel_doored_altar, elyvilon_altar_1, minivault_24, uniq_erica
D:9:      minmay_blocky_corners, nicolae_overflow_crystal_walls,
          hangedman_decor_slide_cut
Temple:   nicolae_temple_elliptical
Sewer:    sewer_co_cracked_pipes

Skill      XL: |  1  2  3  4  5  6  7  8  9 10 |
---------------+-------------------------------+-----
Bows           | 7 9 10 12 15 17 18 | 18.4
Fighting       | |  2.0
Dodging        | |  1.3
Stealth        | |  0.4

Action                   |  1- 3 |  4- 6 |  7- 9 | 10-12 || total
-------------------------+-------+-------+-------+-------++-------
Melee: Short sword       |    61 |   121 |   203 |     5 ||   390
       Kick              |     9 |    18 |    38 |     3 ||    68
       Punch             |       |       |     1 |       ||     1
 Fire: Shortbow          |    18 |   173 |   306 |    87 ||   584
Invok: Heroism           |       |       |     2 |     1 ||     3
Evoke: Wand              |       |       |    16 |     7 ||    23
  Use: Potion            |       |     2 |     7 |     3 ||    12
       Scroll            |       |     5 |    11 |     5 ||    21
 Stab: Confused          |       |       |     2 |       ||     2
  Eat: Chunk             |       |     5 |     3 |     1 ||     9
       Ration            |       |     1 |     8 |       ||     9
Armor: Leather armour    |    31 |    26 |       |       ||    57
       Skin              |       |    88 |       |       ||    88
       Fire dragon scale |       |    22 |   193 |    14 ||   229
Dodge: Dodged            |    31 |    71 |   100 |    15 ||   217

Table legend:
 A = Non-vault XP
 B = Vault XP
 C = Vault XP percentage of total XP
 D = Non-vault monster count
 E = Vault monster count
 F = Vault count percentage of total count
                 A         B        C        D         E       F
            +---------+---------+-------+---------+---------+-------
      Total |    4463 |    2222 |  33.2 |     163 |      47 |  22.4
            +---------+---------+-------+---------+---------+-------
        D:1 |      33 |       0 |   0.0 |      11 |       0 |   0.0
        D:2 |     166 |     287 |  63.4 |      25 |      14 |  35.9
        D:3 |      50 |      45 |  47.4 |      12 |       8 |  40.0
        D:4 |     195 |       0 |   0.0 |      21 |       0 |   0.0
        D:5 |     621 |     716 |  53.6 |      24 |       2 |   7.7
        D:6 |    1365 |     182 |  11.8 |      32 |       3 |   8.6
        D:7 |     871 |     951 |  52.2 |      17 |       5 |  22.7
        D:8 |    1117 |       0 |   0.0 |      20 |       0 |   0.0
        D:9 |      45 |       0 |   0.0 |       1 |       0 |   0.0
      Sewer |       0 |      41 | 100.0 |       0 |      15 | 100.0
            +---------+---------+-------+---------+---------+-------
